 Dungeon Crawl Stone Soup version 0.29-a0-360-g8ed1089bbe (webtiles) character file.

Game seed: 17237991599731728659

7 Sweeb the Slasher (level 2, 21/21 HPs)
             Began as an Octopode Monk on Apr 29, 2022.
             Quit the game on level 1 of the Dungeon.
             The game lasted 00:00:57 (435 turns).

Sweeb the Slasher (Octopode Monk)                    Turns: 435, Time: 00:00:58

Health: 21/21      AC:  1    Str: 10    XL:     2   Next: 0%
Magic:  2/2        EV: 14    Int: 12    God:
Gold:   3          SH:  0    Dex: 14    Spells: 1/1 levels left

rFire   . . .      SeeInvis .   a - +0 falchion
rCold   . . .      Faith    .   (no shield)
rNeg    . . .      Spirit   .   (helmet restricted)
rPois   .          Reflect  .   (no amulet)
rElec   .          Harm     .   (no ring)
rCorr   .          Rampage  .   (no ring)
Will    .....                   (no ring)
Stlth   +++.......              (no ring)
HPRegen 0.07/turn               (no ring)
MPRegen 0.08/turn               (no ring)
                                (no ring)
                                (no ring)

@: no status effects
A: almost no armour, amphibious, 8 rings, camouflage 1, gelatinous body 1,
(nimble swimmer 1), tentacles
a: no special abilities


You were on level 1 of the Dungeon.
You visited 1 branch of the dungeon, and saw 1 of its levels.

You collected 3 gold pieces.

Inventory:

Hand Weapons
 a - a +0 falchion (weapon)
Scrolls
 c - a scroll of blinking {unknown}
 d - a scroll of brand weapon {unknown}
 e - a scroll of fog {unknown}
Potions
 b - a potion of ambrosia


   Skills:
 + Level 3.0 Fighting
 * Level 3.1 Long Blades
 + Level 3.0 Dodging
 * Level 3.1 Stealth


You had one spell level left.
You didn't know any spells.
Your spell library was empty.

Dungeon Overview and Level Annotations

Branches:
Dungeon (1/15)

Altars:


Innate Abilities, Weirdness & Mutations

You cannot wear most types of armour.
You are amphibious.
You can wear up to eight rings at the same time.
Your skin changes colour to match your surroundings (Stealth+).
Your rubbery body absorbs attacks. (AC +1, EV +1)
((You are camouflaged when in or above water. (Stealth+)))
You have tentacles for arms and can constrict up to eight enemies at once.


Message History

The ball python hisses angrily.
The ball python bites you. The ball python misses you. x2
The ball python grabs you. The ball python constricts you.
You hit the ball python.
You kill the ball python!
No target in view!
A frilled lizard comes into view.
A frilled lizard is nearby!
A frilled lizard is nearby!
A frilled lizard is nearby!
Found a faded altar of an unknown god.
Found a runed ring mail and a scroll labelled KOMA POKAMUDE.
The frilled lizard hisses angrily.
The frilled lizard bites you.
You hit the frilled lizard.
You kill the frilled lizard!
Your Stealth skill increases to level 3!
No target in view!
No target in view!
No target in view!
You see here a frilled lizard corpse.
A hobgoblin comes into view.
A hobgoblin is nearby!
A hobgoblin is nearby!
The helpless hobgoblin fails to defend itself.
You hit the hobgoblin. You grab the hobgoblin.
The hobgoblin is moderately wounded.
You constrict the hobgoblin. The hobgoblin hits you.
You hit the hobgoblin.
You kill the hobgoblin!
No target in view!
e - a scroll labelled KOMA POKAMUDE
Found a leather armour.
A ball python comes into view.
Found a stone staircase leading down.
You closely miss the ball python. You grab the ball python.
You squeeze the ball python.
You kill the ball python!
You have reached level 2!
Are you sure you want to abandon this character and quit the game? (Confirm with "yes".)

#....... ##...>... .....$..#
........# .. ........+ ....
........#######....
........+........#
......[@##....#..# ##
.................# .#
####+#.?......#.##### .#
#............... .# .
#.................
.#.#############....#..#########
.#.#.#....<....#....#...........
.....#.........#....#...#########
...# #.#.....#.#.####............


There were no monsters in sight!

Vanquished Creatures
  A hobgoblin (D:1)
  A kobold (D:1)
  2 ball pythons (D:1)
  2 bats (D:1)
  A frilled lizard (D:1)
7 creatures vanquished.

Notes
Turn   | Place    | Note
-------+----------+-------------------------------------------
     0 | D:1      | Sweeb the Octopode Monk began the quest for the Orb.
     0 | D:1      | Reached XP level 1. HP: 16/16 MP: 1/1
   288 | D:1      | Found a faded altar of an unknown god.
   435 | D:1      | Reached XP level 2. HP: 21/21 MP: 2/2
   435 | D:1      | Quit the game

Illustrated notes

Levels and vault maps discovered:
D:1:      lemuel_arrival_broad_hall, layout_basic, basic_ecumenical_altar,
          serial_shops, nicolae_shop_overgrown_old_shop,
          nicolae_concentric_dashed_squares_wild

Skill      XL: |  1 |
---------------+----+-----
Stealth        | 3 |  3.1
Fighting       | |  3.0
Long Blades    | |  3.1
Dodging        | |  3.0

Action                   || total
-------------------------++-------
Melee: Falchion          ||     9
       Constrict         ||     3
       Tentacles         ||     1
 Stab: Sleeping          ||     3
Dodge: Dodged            ||     3

Table legend: (Time is in decaauts)
 A = Elapsed time spent in this place.
 B = Non-inter-level travel time spent in this place.
 C = Inter-level travel time spent in this place.
 D = Time resting spent in this place.
 E = Time spent auto-exploring this place.
 F = Levels seen in this place.
 G = Mean time per level.
                   A        B        C        D        E       F      G
               +--------+--------+--------+--------+--------+-----+--------+
         Total |    436 |    436 |      0 |      0 |    389 |   1 |  436.0 |
       Dungeon |    436 |    436 |      0 |      0 |    389 |   1 |  436.0 |
               +--------+--------+--------+--------+--------+-----+--------+

Top non-repeatable levels by time:
     D:1: 436 daAuts
